 Dungeon Crawl Stone Soup version 0.17-a0-834-g123d519 (webtiles) character file.

2326 FedoraBrony69 the Thaumaturge (level 9, -8/45 HPs)
             Began as a Deep Elf Conjurer on Apr 26, 2015.
             Was a Follower of Kikubaaqudgha.
             Killed by divine providence
             ... invoked by an orc priest
              (13 damage)
             ... on level 6 of the Dungeon.
             The game lasted 00:17:50 (6256 turns).

FedoraBrony69 the Thaumaturge (Deep Elf Conjurer)   Turns: 6256, Time: 00:17:52

Health: -8/45      AC:  3    Str:  5    XL:     9   Next: 19%
Magic:  15/24      EV: 13    Int: 24    God:    Kikubaaqudgha [*.....]
Gold:   65         SH:  0    Dex: 15    Spells: 4 memorised, 15 levels left

rFire  . . .     SeeInvis +     I - -3 spear (curse)
rCold  . . .     Clarity  .     a - +0 robe
rNeg   . . .     SustAb   .     (no shield)
rPois  .         Gourm    .     (no helmet)
rElec  .         Spirit   .     (no cloak)
rCorr  .         Warding  .     (no gloves)
rMut   +         Stasis   .     B - +0 pair of boots
MR     .....                    f - amulet of resist mutation
Stlth  +.........               n - ring of loudness (curse)
                                x - ring of see invisible

@: not resistant to hostile enchantments, very unstealthy
A: no striking features
a: Receive Corpses, Renounce Religion


You were on level 6 of the Dungeon.
You worshipped Kikubaaqudgha.
Kikubaaqudgha was aware of your devotion.
You were not hungry.

You visited 1 branch of the dungeon, and saw 6 of its levels.

You collected 179 gold pieces.
You spent 114 gold pieces at shops.

Inventory:

Hand weapons
 h - a +0 spear
 I - a cursed -3 spear (weapon)
 J - a +2 whip of electrocution
 Q - a +4 quarterstaff of chaos
Armour
 a - a +0 robe (worn)
 B - a +0 pair of boots (worn)
 H - a +3 leather armour of magic resistance
 L - a +1 robe of magic resistance
 R - a +0 cloak
Jewellery
 f - an amulet of resist mutation (around neck)
 k - an uncursed amulet of rage
 m - an uncursed ring of protection from cold
 n - a cursed ring of loudness (right hand)
 x - a ring of see invisible (left hand)
 S - an uncursed ring of positive energy {unknown}
Magical devices
 t - a wand of fireball (6)
 G - a wand of teleportation (3)
 K - a wand of slowing (15)
 O - a wand of frost (14)
Scrolls
 i - 6 scrolls of identify
 l - 3 scrolls of immolation
 o - a scroll of magic mapping
 r - 2 scrolls of fog {unknown}
 u - a scroll of noise {unknown}
 v - a scroll of remove curse {unknown}
 y - 3 scrolls of teleportation {unknown}
 A - a scroll of amnesia {unknown}
 D - a scroll of fear {unknown}
 P - a scroll of enchant armour {unknown}
 U - a scroll of random uselessness {unknown}
Potions
 d - 2 potions of restore abilities
 e - 3 potions of heal wounds {unknown}
 g - 3 potions of might {unknown}
 q - a potion of poison {unknown}
 w - 2 potions of berserk rage
 C - 3 potions of curing {unknown}
 F - a potion of mutation {unknown}
Books
 b - a book of Conjurations

   Spells                             Type                      Level
   a - Magic Dart                     Conjuration                  1
   b - Searing Ray                    Conjuration                  2
   c - Dazzling Spray                 Conjuration/Hexes            3
   d - Fulminant Prism                Conjuration/Hexes            4
   e - Iskenderun's Mystic Blast      Conjuration                  4
   f - Iskenderun's Battlesphere      Conjuration/Charms           5
 p - Kikubaaqudgha's Catalogue of Sinister Secrets
   (Kikubaaqudgha gifted it to you on level 4 of the Dungeon)

   Spells                             Type                      Level
   a - Animate Skeleton               Necromancy                   1
   b - Corpse Rot                     Necromancy                   2
   c - Sublimation of Blood           Necromancy                   2
   d - Vampiric Draining              Necromancy                   3
   e - Control Undead                 Necromancy                   4
 z - a book of Spatial Translocations

   Spells                             Type                      Level
   a - Apportation                    Translocation                1
   b - Blink                          Translocation                2
   c - Shroud of Golubria             Charms/Translocation         2
   d - Portal Projectile              Translocation                3
   e - Teleport Other                 Translocation                3
   f - Passage of Golubria            Translocation                4
Comestibles
 c - 7 bread rations
 j - 2 royal jellies
 s - 3 meat rations
 E - 3 fruits
 M - a beef jerky
 N - a slice of pizza
 T - 4 chunks of flesh


   Skills:
 - Level 2.4 Dodging
 - Level 2.4 Stealth
 * Level 9.8 Spellcasting
 + Level 8.9 Conjurations
 - Level 9.2 Charms
 * Level 3.0 Necromancy


You had 15 spell levels left.
You knew the following spells:

 Your Spells              Type           Power        Failure   Level  Hunger
a - Magic Dart            Conj           ####         1%          1    None
b - Iskenderun's Battles  Conj/Chrm      ######..     3%          5    ####...
c - Iskenderun's Mystic   Conj           ######..     1%          4    #......
d - Sublimation of Blood  Necr           ####......   1%          2    None


Dungeon Overview and Level Annotations

Branches:
Dungeon (6/15)
 Temple: D:4-7

Altars:
Dithmenos
Elyvilon
Fedhas
Kikubaaqudgha
Nemelex Xobeh
Trog
Vehumet

Shops:
D:4 %   D:5 *(%((


Message History

The giant gecko hisses menacingly.
The hobgoblin closely misses you. The hobgoblin hits you.
* * * LOW HITPOINT WARNING * * *
The hobgoblin closely misses you. The giant gecko bites you.
* * * LOW HITPOINT WARNING * * *
Casting: Magic Dart
Confirm with . or Enter, or press ? or * to list all spells.
Aiming: Iskenderun's Mystic Blast
Press: ? - help, Shift-Dir - straight line, f - hobgoblin, p - orc warrior
Aim: a hobgoblin The orb of energy hits the hobgoblin.
You kill the hobgoblin!
Kikubaaqudgha accepts your kill. The giant gecko barely misses you.
The orc priest mumbles some strange prayers to Beogh against you.
Something smites you!
You die...
Kikubaaqudgha rasps: "You have failed me!
Welcome... death!"

######.#################
##......................#
#.......###############.#
#.......#...........###.###
#.......#.#................
#.......#.#..####.....#.###
#.......#.#..# #.#.#[#+###
.......#.#..# #.#.#......
."....#<@l.####.#.#......
####.#...o.....#.#......
#.#..#........#......
#..#......###......
#..#..###.###......
###+#.....b............
#........#..#.#########
#.......>.o............
.......##..###.###.###


You could see an orc warrior, an orc priest and a giant gecko.

Vanquished Creatures
  Pikel (D:4)
  Grinder (D:4)
  Prince Ribbit (D:6)
  Edmund (D:4)
  An ice beast (D:5)
  Duvessa (D:5)
  2 sky beasts (D:5)
  A slave (D:4)
  2 ogres
  Blork the orc (D:5)
  Dowan (D:5)
  A scorpion (D:4)
  A vampire bat (D:2)
  2 crimson imps (D:5)
  2 orc wizards
  Crazy Yiuf (D:5)
  3 hounds
  2 worker ants
  2 giant frog skeletons
  A hound skeleton (D:4)
  Robin (D:2)
  8 adders
  2 gnolls (D:4)
  A shadow imp (D:3)
  An ooze (D:1)
  5 worms
  2 giant geckos
  7 orcs
  10 bats
  4 bat skeletons (D:2)
  3 bat zombies
  8 giant cockroaches
  14 goblins
  16 hobgoblins
  14 kobolds
  2 ball pythons (D:3)
  3 giant newts
  4 jackals (D:2)
  3 quokkas
  6 rats
142 creatures vanquished.

Notes
Turn   | Place    | Note
--------------------------------------------------------------
     0 | D:1      | FedoraBrony69, the Deep Elf Conjurer, began the quest for the Orb.
     0 | D:1      | Reached XP level 1. HP: 10/10 MP: 6/6
     2 | D:1      | Noticed a draconian
     4 | D:1      | Noticed a formicid
     4 | D:1      | Noticed a troll
     6 | D:1      | Noticed a centaur
     6 | D:1      | Noticed a dwarf
     8 | D:1      | Noticed a felid
     8 | D:1      | Noticed a ghoul
    10 | D:1      | Noticed a vampire
    10 | D:1      | Noticed a spriggan
    12 | D:1      | Noticed a tengu
    12 | D:1      | Noticed a human
    14 | D:1      | Noticed a gargoyle
    16 | D:1      | Noticed a vine stalker
    18 | D:1      | Noticed a demonspawn
    20 | D:1      | Noticed an ogre
    20 | D:1      | Noticed a minotaur
    22 | D:1      | Noticed a merfolk
    22 | D:1      | Noticed a demigod
    24 | D:1      | Noticed an octopode
    24 | D:1      | Noticed an elf
    26 | D:1      | Noticed a naga
   260 | D:1      | Reached XP level 2. HP: 15/15 MP: 3/8
  1196 | D:2      | Reached XP level 3. HP: 19/19 MP: 4/10
  1294 | D:2      | Reached skill level 5 in Conjurations
  1652 | D:2      | Noticed Robin
  1656 | D:2      | Killed Robin
  1656 | D:2      | Reached XP level 4. HP: 21/24 MP: 0/12
  2100 | D:2      | Reached skill level 5 in Spellcasting
  2113 | D:2      | Found an ancient bone altar of Kikubaaqudgha.
  2113 | D:2      | Noticed a vampire bat
  2114 | D:2      | Killed a vampire bat
  2126 | D:2      | Reached XP level 5. HP: 28/28 MP: 5/14
  2224 | D:2      | Became a worshipper of Kikubaaqudgha
  2460 | D:2      | Learned a level 5 spell: Iskenderun's Battlesphere
  2465 | D:2      | Learned a level 4 spell: Iskenderun's Mystic Blast
  2469 | D:3      | Reached skill level 1 in Charms
  2929 | D:3      | Reached skill level 6 in Conjurations
  3177 | D:4      | Found a white marble altar of Elyvilon.
  3318 | D:4      | Found a sparkling altar of Nemelex Xobeh.
  3477 | D:4      | Acquired Kikubaaqudgha's first power
  3477 | D:4      | Received a gift from Kikubaaqudgha
  3478 | D:4      | Identified Kikubaaqudgha's Catalogue of Sinister Secrets (Kikubaaqudgha gifted it to you on level 4 of the Dungeon)
  3482 | D:4      | Learned a level 2 spell: Sublimation of Blood
  3483 | D:4      | Noticed Grinder
  3495 | D:4      | Paralysed by Grinder for 5 turns
  3504 | D:4      | Paralysed by Grinder for 5 turns
  3519 | D:4      | Killed Grinder
  3519 | D:4      | Reached XP level 6. HP: 10/32 MP: 1/17
  3673 | D:4      | Noticed an ogre
  3717 | D:4      | Killed an ogre
  3717 | D:4      | Reached skill level 5 in Charms
  3717 | D:4      | Reached XP level 7. HP: 20/36 MP: 4/18
  4072 | D:4      | Found Riopag Xutou's Food Boutique.
  4084 | D:4      | Noticed Edmund
  4118 | D:4      | Killed Edmund
  4455 | D:4      | Noticed a slave
  4468 | D:4      | Killed a slave
  4478 | D:4      | Noticed Pikel
  4478 | D:4      | Noticed a slave
  4479 | D:4      | Noticed a slave
  4481 | D:4      | Killed Pikel
  4481 | D:4      | Reached skill level 7 in Spellcasting
  4481 | D:4      | Reached skill level 8 in Charms
  4481 | D:4      | Reached XP level 8. HP: 41/41 MP: 5/21
  4482 | D:4      | Noticed a freed slave
  4492 | D:4      | Found a radiant altar of Vehumet.
  4803 | D:5      | Entered Level 5 of the Dungeon
  4892 | D:5      | Found a blossoming altar of Fedhas.
  4895 | D:5      | Noticed Dowan
  4928 | D:5      | Killed Dowan
  5025 | D:5      | Found a bloodstained altar of Trog.
  5091 | D:5      | Noticed Duvessa
  5098 | D:5      | Killed Duvessa
  5098 | D:5      | Reached skill level 9 in Charms
  5242 | D:5      | Found Cyqoxta's Antique Weapon Boutique.
  5243 | D:5      | Noticed Blork the orc
  5248 | D:5      | Killed Blork the orc
  5329 | D:5      | Reached skill level 1 in Necromancy
  5455 | D:5      | Noticed Crazy Yiuf
  5466 | D:5      | Killed Crazy Yiuf
  5578 | D:5      | Found Hopenko's Weapon Shoppe.
  5593 | D:5      | Found Itahir's Food Emporium.
  5687 | D:5      | Reached XP level 9. HP: 45/45 MP: 13/24
  5692 | D:5      | Found Yptair's Assorted Antiques.
  5731 | D:5      | Bought a scroll labeled MUZETOSTRACS for 30 gold pieces
  5731 | D:5      | Bought a coppery potion for 27 gold pieces
  5731 | D:5      | Bought a fizzy silvery potion {tried by monster} for 27 gold pieces
  5731 | D:5      | Bought a scroll labeled CIT NENELOLE for 30 gold pieces
  5739 | D:5      | Found a shadowy altar of Dithmenos.
  5765 | D:5      | Found Hewneet's Antique Weapon Shoppe.
  6173 | D:6      | Noticed Prince Ribbit
  6177 | D:6      | Killed Prince Ribbit
  6256 | D:6      | Killed from afar by an orc priest

Action                   |  1- 3 |  4- 6 |  7- 9 || total
-------------------------+-------+-------+-------++-------
Melee: Spear             |    18 |    16 |       ||    34
 Cast: Magic Dart        |    96 |    98 |   101 ||   295
       Iskenderun's Myst |       |    10 |    32 ||    42
       Iskenderun's Batt |       |       |     9 ||     9
  Use: Scroll            |       |     3 |       ||     3
  Eat: Chunk             |     2 |     7 |    13 ||    22
